AoeStats
← Bahamut

Arena

510838845Analyzed
3v3 RM · 16h ago on Oct 2, 2026· 64m 25s· 6 players
Game mode
Random Map
Map size
Normal (6 player)
Population
200
Speed
Normal
Resources
Standard
Victory
Conquest
Starting age
Dark Age
Ending age
Imperial Age
RankedLock teamsTeams togetherTeam positionsShared explorationLock speedFull tech treeHidden civsTurbo modeCheats
Victory
Defeat
🇩🇪 Malay · Germany
981
+13
🇺🇸 Vikings · United States
980
+13
🇮🇳 Persians · India
913
+17
🇹🇷 Cumans · Türkiye
946
-15
🇹🇷 Berbers · Türkiye
930
-15
🇹🇷 Sicilians · Türkiye
895
-13
weinerthenry
0:36 Loom
12:20 Feudal Age
16:26 Castle Age
14:32 Double-Bit Axe
15:32 Horse Collar
16:42 Wheelbarrow
17:32 Wheelbarrow
29:51 Squires
29:19 Pikeman
32:27 Heavy Plow
33:03 Forging
37:39 Imperial Age
36:43 Iron Casting
36:43 Hand Cart
36:14 Town Watch
37:49 Arson
39:14 Blast Furnace
46:53 Elite Karambit Warrior
47:47 Halberdier
Bahamut
10:31 Feudal Age
14:43 Castle Age
13:06 Double-Bit Axe
13:30 Horse Collar
34:46 Gold Mining
39:00 Bow Saw
39:34 Heavy Plow
39:45 Scale Mail Armor
42:06 Forging
44:08 Gold Shaft Mining
45:55 Iron Casting
45:36 Chain Mail Armor
46:49 Squires
56:37 Imperial Age
54:49 Stone Mining
55:02 Arson
57:15 Elite Varangian Guard
59:53 Blast Furnace
59:18 Loom
62:00 Plate Mail Armor
62:50 Conscription
Boxster553
10:50 Feudal Age
16:59 Castle Age
15:14 Double-Bit Axe
15:38 Horse Collar
15:50 Gold Mining
16:58 Loom
17:51 Wheelbarrow
17:01 Town Watch
19:29 Heavy Plow
20:42 Bow Saw
21:38 Stone Mining
22:40 Hand Cart
24:45 Husbandry
25:14 Town Patrol
25:57 Forging
25:52 Scale Barding Armor
26:40 Scale Barding Armor
26:51 Bloodlines
30:49 Iron Casting
33:51 Chain Barding Armor
42:02 Imperial Age
40:57 Gold Shaft Mining
41:01 Stone Shaft Mining
41:45 Cavalier
43:27 Blast Furnace
42:47 Light Cavalry
44:16 Savar
47:29 Hussar
51:54 Conscription
53:02 Heavy Camel Rider
54:27 Fletching
56:12 Kamandaran
56:17 Padded Archer Armor
57:42 Leather Archer Armor
57:23 Bodkin Arrow
57:51 Ballistics
58:31 Chemistry
58:24 Plate Barding Armor
60:07 Two-Man Saw
59:28 Crossbowman
60:14 Thumb Ring
60:41 Ring Archer Armor
62:37 Citadels
tiirk
10:41 Feudal Age
15:26 Loom
21:55 Castle Age
22:44 Forging
25:47 Scale Mail Armor
28:56 Horse Collar
29:18 Pikeman
29:35 Pikeman
32:04 Fletching
32:50 Iron Casting
33:04 Heavy Plow
38:14 Imperial Age
37:40 Bodkin Arrow
37:46 Padded Archer Armor
38:03 Double-Bit Axe
40:14 Conscription
40:17 Leather Archer Armor
42:42 Elite Skirmisher
44:26 Ballistics
45:14 Chemistry
46:07 Wheelbarrow
47:28 Chain Mail Armor
48:15 Blast Furnace
50:05 Squires
51:55 Gold Mining
52:29 Squires
55:37 Halberdier
57:25 Bow Saw
60:35 Crop Rotation
61:15 Plate Mail Armor
bLuStEr
2:11 Loom
10:27 Feudal Age
11:54 Double-Bit Axe
18:37 Town Watch
21:53 Wheelbarrow
21:06 Horse Collar
21:47 Gold Mining
27:46 Castle Age
25:58 Fletching
27:27 Forging
27:23 Scale Barding Armor
28:10 Bloodlines
27:54 Stone Mining
29:42 Hand Cart
30:14 Iron Casting
29:52 Heavy Plow
31:19 Chain Barding Armor
30:44 Capped Ram
32:25 Gold Shaft Mining
35:26 Bow Saw
38:54 Imperial Age
37:01 Town Patrol
37:11 Bodkin Arrow
39:08 Cavalier
40:35 Plate Barding Armor
41:01 Blast Furnace
40:04 Pikeman
40:44 Squires
42:12 Two-Man Saw
42:04 Halberdier
42:39 Paladin
44:34 Scale Mail Armor
45:45 Ballistics
46:26 Chemistry
45:51 Ballistics
46:32 Elite Skirmisher
47:29 Padded Archer Armor
47:45 Chain Mail Armor
48:18 Conscription
49:56 Light Cavalry
51:25 Leather Archer Armor
51:07 Murder Holes
51:43 Hussar
61:07 Plate Mail Armor
61:36 Ring Archer Armor
RockNRolla
1:49 Loom
10:27 Feudal Age
10:57 Horse Collar
11:05 Double-Bit Axe
15:48 Bloodlines
20:50 Castle Age
19:12 Gold Mining
19:38 Scale Barding Armor
21:01 Forging
23:46 Husbandry
23:54 Husbandry
30:29 Bow Saw
31:31 Iron Casting
33:06 Wheelbarrow
34:03 Light Cavalry
36:13 Caravan
36:47 Hand Cart
37:13 Man-at-Arms
37:54 Squires
40:22 Scale Mail Armor
40:21 Long Swordsman
40:57 Pikeman
46:34 Chain Barding Armor
Connection lost

Rejoining the realm…

Still unreachable

The connection could not be restored.

Session expired

The server has moved on; the page needs a fresh start.